 Dungeon Crawl Stone Soup version 0.25-a0-426-g7d9e569eea (webtiles) character file.

Game seed: 7029093333054765469, levelgen mode: deterministic

3150 Nattfarinn the Tainter (level 9, -4/64 HPs)
             Began as an Octopode Venom Mage on Jan 25, 2020.
             Slain by Joseph
             ... wielding a +0 quarterstaff
              (18 damage)
             ... on level 8 of the Dungeon.
             The game lasted 00:21:17 (9966 turns).

Nattfarinn the Tainter (Octopode Venom Mage)        Turns: 9966, Time: 00:21:18

Health: -4/64      AC:  7    Str: 10    XL:     9   Next: 93%
Magic:  0/16       EV: 15    Int: 21    God:
Gold:   378        SH:  0    Dex: 12    Spells: 10/18 levels left

rFire    . . .     SeeInvis .   (no weapon)
rCold    . . .     Gourm    .   (no shield)
rNeg     . . .     Faith    .   (helmet restricted)
rPois    .         Spirit   +   q - amulet of guardian spirit
rElec    .         Reflect  .   d - +3 ring of strength
rCorr    .         Harm     .   a - +6 ring of protection
MR       .....                  (no ring)
Stlth    +++.......             (no ring)
HPRegen  0.20/turn              (no ring)
MPRegen  0.15/turn              (no ring)
                                (no ring)
                                (no ring)

@: no status effects
A: almost no armour, stealthy swim, amphibious, 8 rings, constrict 8, camouflage
1, gelatinous body 1
a: no special abilities


You were on level 8 of the Dungeon.
You were not hungry.

You visited 2 branches of the dungeon, and saw 9 of its levels.

You collected 378 gold pieces.

Inventory:

Jewellery
 a - a +6 ring of protection (right tentacle)
 d - a +3 ring of strength (left tentacle)
 e - an uncursed amulet of the acrobat {unknown}
 q - an amulet of guardian spirit (around mantle)
 y - a cursed +3 amulet of reflection {unknown}
Wands
 p - a wand of flame (36)
 t - a wand of iceblast (14)
 w - a wand of polymorph (20)
 E - a wand of digging (7)
Scrolls
 c - 2 scrolls of magic mapping
 g - 3 scrolls of enchant weapon
 l - a scroll of immolation {unknown}
 m - 4 scrolls of remove curse
 n - 4 scrolls of enchant armour
 o - 2 scrolls of amnesia {unknown}
 r - 5 scrolls of teleportation {unknown}
 x - a scroll of silence {unknown}
 z - 3 scrolls of identify
 A - a scroll of fear {unknown}
Potions
 f - a potion of mutation {unknown}
 i - a potion of magic {unknown}
 j - 2 potions of degeneration {unknown}
 k - 3 potions of heal wounds {unknown}
 s - a potion of brilliance
 u - 2 potions of flight {unknown}
 v - a potion of haste {unknown}
 B - 2 potions of cancellation {unknown}
 C - a potion of might {unknown}
 F - 2 potions of agility {unknown}
Comestibles
 b - 12 rations
 D - a chunk of flesh


   Skills:
 * Level 7.2 Fighting
 + Level 5.4 Dodging
 - Level 2.6 Stealth
 + Level 5.0 Spellcasting
 + Level 5.0 Transmutations
 * Level 9.4 Poison Magic


You had 10 spell levels left.
You knew the following spells:

 Your Spells              Type           Power        Failure   Level  Hunger
a - Sting                 Tmut/Pois      ####         1%          1    None
b - Olgreb's Toxic Radia  Pois           #####...     2%          4    ####...
c - Ignite Poison         Fire/Tmut/Pois ####....     4%          3    ##.....

Your spell library contained the following spells:

 Spells                   Type           Power        Failure   Level  Hunger
 Poisonous Vapours        Pois/Air       ####..       2%          2    None
 Mephitic Cloud           Conj/Pois/Air  ###.....     9%          3    ##.....
 Magic Dart               Conj           #...         11%         1    None


Dungeon Overview and Level Annotations

Branches:
Dungeon (8/15)             Temple (1/1) D:6            Lair (0/6) D:8

Altars:
Ashenzari
Cheibriados
Dithmenos
Elyvilon
Fedhas
Gozag
Hepliaklqana
Kikubaaqudgha
Makhleb
Nemelex Xobeh
Okawaru
Qazlal
Ru
Sif Muna
Trog
Uskayaw
Vehumet
Xom
Yredelemnul
Zin
The Shining One

Shops:
D:5 =

Annotations:
D:8 Joseph


Innate Abilities, Weirdness & Mutations

You cannot wear most types of armour.
You are very stealthy in the water. (Stealth+)
You are amphibious.
You can wear up to eight rings at the same time.
You can use your tentacles to constrict eight enemies at once.
Your skin changes colour to match your surroundings (Stealth+).
Your rubbery body absorbs attacks. (AC +1, EV +1)


Message History

The sling bullet burns you.
Joseph unwields a +0 hunting sling of flaming.
It stops flaming.
Joseph wields a +0 quarterstaff.
Joseph hits you with a +0 quarterstaff!
* * * LOW HITPOINT WARNING * * *
There is an open door, spattered with blood here.
You tentacle-slap Joseph. You grab Joseph.
Joseph is severely wounded.
You constrict Joseph, but do no damage. Joseph closely misses you.
Casting: Sting (safe; 1% risk of failure)
Confirm with . or Enter, or press ? or * to list all spells.
Aiming: Sting (safe; 1% risk of failure)
Press: ? - help, Shift-Dir - straight line, f/p - Joseph
Aim: Joseph, wielding a +0 quarterstaff, wearing a +1 leather armour of cold resistance and quivering 15 sling bullets (severely wounded, constricted by you, poisoned)
The sting hits Joseph.
Joseph looks even sicker.
Joseph is severely wounded.
You constrict Joseph.
Joseph sighs, "Being a guard is usually so boring..."
Joseph hits you with a +0 quarterstaff!!
You die...

#.###### #......#
##.......##
###....###......>^.#
#.......+.........+
##....###.......>.#
##.#.# #.......#
#....# #.....#
#.#### #(@.# #.# #@#
#.# #(# #.#
######.## #.#
#.......# #.#
#.###...## #.#
#.#......#
#.#####.#.#...##
#.........#.#.....
#######.####..####


You could see Joseph.

Vanquished Creatures
  Pikel (D:5)
  Psyche (D:8)
  A water moccasin (D:7)
  2 orc warriors (D:6)
  4 slaves (D:5)
  An ice beast (D:7)
  2 ogres
  A big kobold (D:7)
  2 bullfrogs
  2 scorpions
  2 crimson imps
  2 bullfrog zombies
  8 hounds
  3 orc priests
  2 bullfrog skeletons
  A centaur skeleton (D:5)
  A gnoll shaman (D:5)
  2 jellies
  7 orc wizards
  Terence (D:3)
  3 iguanas
  7 worker ants
  A mummy (D:7)
  A worker ant zombie (D:6)
  6 adders
  13 gnolls
  3 shadow imps
  12 oozes
  3 worms
  5 dart slugs
  6 leopard geckos
  20 orcs
  5 bats
  12 giant cockroaches
  10 goblins
  8 hobgoblins
  10 jackals
  13 kobolds
  2 quokkas
  4 ball pythons
  5 frilled lizards
  A giant cockroach zombie (D:5)
  A jackal skeleton (D:5)
  A quokka zombie (D:6)
  8 rats (D:1)
206 creatures vanquished.

Notes
Turn   | Place    | Note
-------+----------+-------------------------------------------
     0 | D:1      | Nattfarinn the Octopode Venom Mage began the quest for the
                  | Orb.
     0 | D:1      | Reached XP level 1. HP: 11/11 MP: 3/3
     1 | D:1      | Found a runed translucent door.
    97 | D:1      | Reached XP level 2. HP: 8/18 MP: 1/5
   423 | D:1      | Reached skill level 1 in Fighting
   741 | D:1      | Reached skill level 4 in Poison Magic
  1081 | D:1      | Reached XP level 3. HP: 23/23 MP: 3/6
  1888 | D:1      | Reached XP level 4. HP: 24/29 MP: 4/7
  2342 | D:1      | Reached XP level 5. HP: 20/34 MP: 0/8
  3228 | D:2      | Reached skill level 5 in Poison Magic
  3817 | D:3      | Found a stormy altar of Qazlal.
  3819 | D:3      | Noticed a fire elemental
  3819 | D:3      | Noticed an air elemental
  3820 | D:3      | Noticed a water elemental
  4089 | D:3      | Reached XP level 6. HP: 41/41 MP: 4/10
  4366 | D:3      | Noticed Terence
  4374 | D:3      | Killed Terence
  4950 | D:4      | Reached XP level 7. HP: 46/46 MP: 6/11
  5102 | D:4      | Reached skill level 6 in Poison Magic
  5657 | D:5      | Entered Level 5 of the Dungeon
  5769 | D:5      | Learned a level 4 spell: Olgreb's Toxic Radiance
  5773 | D:5      | Learned a level 3 spell: Ignite Poison
  5849 | D:5      | Found Datypill's Jewellery Shop.
  5901 | D:5      | Reached XP level 8. HP: 54/54 MP: 8/13
  6079 | D:5      | Found a radiant altar of Vehumet.
  6081 | D:5      | Identified Vehumet's Almanac of Confrontation
  6089 | D:5      | Found an ancient bone altar of Kikubaaqudgha.
  6090 | D:5      | Found a shimmering blue altar of Sif Muna.
  6182 | D:5      | Reached skill level 7 in Poison Magic
  6483 | D:5      | Reached skill level 5 in Fighting
  6641 | D:5      | Noticed Pikel
  6651 | D:5      | Killed Pikel
  6943 | D:5      | Reached skill level 8 in Poison Magic
  7111 | D:6      | Found a staircase to the Ecumenical Temple.
  7119 | D:6      | Reached XP level 9. HP: 54/62 MP: 12/15
  7348 | Temple   | Entered the Ecumenical Temple
  8054 | D:6      | Found a glowing golden altar of the Shining One.
  8212 | D:6      | Reached skill level 5 in Dodging
  8326 | D:6      | Found an iron altar of Okawaru.
  8332 | D:6      | Found a white marble altar of Elyvilon.
  8332 | D:6      | Found an opulent altar of Gozag.
  8333 | D:6      | Found a shadowy altar of Dithmenos.
  8334 | D:6      | Found a stormy altar of Qazlal.
  8486 | D:6      | Found a sparkling altar of Nemelex Xobeh.
  8799 | D:7      | Reached skill level 9 in Poison Magic
  9602 | D:7      | Noticed a purple ugly thing
  9732 | D:8      | Noticed Psyche
  9738 | D:8      | Killed Psyche
  9738 | D:8      | Reached skill level 5 in Transmutations
  9840 | D:8      | Reached skill level 5 in Spellcasting
  9952 | D:8      | Found a staircase to the Lair.
  9952 | D:8      | Noticed Joseph
  9966 | D:8      | Slain by Joseph

Levels and vault maps discovered:
D:1:      dpeg_arrival_caged_fury, layout_loops_ring
D:2:      layout_basic
D:3:      layout_loops_ring, minmay_misc_feat_pillars,
          nicolae_qazlal_style_of_elements, uniq_terence
D:4:      layout_rooms, first_ration
D:5:      layout_gridville, grunt_temple_overflow_magic_moments,
          kennysheep_windowed_goal, uniq_pikel
D:6:      layout_cave_pools, nicolae_tso_swordbearing_angel, minitemple,
          minmay_temple_entry_statues_pillars, nemelex_spade_bored_becter
D:7:      layout_rooms, gup_ossuary_entry_pyramid
D:8:      layout_loops_corners, lair_entry_dummy, serial_shops, shop_fountains,
          gammafunk_ghost_abyssal_escape, uniq_joseph, uniq_psyche
Temple:   chequers_temple_sunken

Skill      XL: |  1  2  3  4  5  6  7  8  9 |
---------------+----------------------------+-----
Fighting       | 1 2 3 4 5 7 |  7.2
Poison Magic   | 4 5 6 8 9 |  9.4
Transmutations | 2 3 4 5 |  5.0
Dodging        | 3 4 5 |  5.4
Spellcasting   | 3 4 5 |  5.0
Stealth        | |  2.6

Action                   |  1- 3 |  4- 6 |  7- 9 || total
-------------------------+-------+-------+-------++-------
Melee: Unarmed           |    48 |   119 |   222 ||   389
       Constrict         |    12 |    15 |    39 ||    66
       Tentacles         |    11 |    16 |    42 ||    69
 Cast: Sting             |    29 |   134 |    86 ||   249
       Olgreb's Toxic Ra |       |       |    16 ||    16
       Ignite Poison     |       |       |    14 ||    14
Evoke: Wand              |       |       |     2 ||     2
  Use: Scroll            |     4 |     2 |       ||     6
       Potion            |       |     1 |     4 ||     5
 Stab: Sleeping          |     3 |     6 |    11 ||    20
  Eat: Chunk             |     2 |     8 |    19 ||    29
       Ration            |       |     1 |       ||     1
Armor: Skin              |    14 |    68 |    90 ||   172
Dodge: Dodged            |    56 |   113 |   202 ||   371

Table legend:
 A = Non-vault XP
 B = Vault XP
 C = Vault XP percentage of total XP
 D = Non-vault monster count
 E = Vault monster count
 F = Vault count percentage of total count
                 A         B        C        D         E       F
            +---------+---------+-------+---------+---------+-------
      Total |    3152 |    1349 |  30.0 |     170 |      32 |  15.8
            +---------+---------+-------+---------+---------+-------
        D:1 |      72 |     100 |  58.1 |      25 |      24 |  49.0
        D:2 |      99 |       4 |   3.9 |      21 |       2 |   8.7
        D:3 |     198 |      36 |  15.4 |      29 |       1 |   3.3
        D:4 |     564 |       0 |   0.0 |      20 |       0 |   0.0
        D:5 |     522 |     757 |  59.2 |      26 |       3 |  10.3
        D:6 |     937 |       0 |   0.0 |      28 |       0 |   0.0
        D:7 |     524 |      18 |   3.3 |      12 |       1 |   7.7
        D:8 |     236 |     434 |  64.8 |       9 |       1 |  10.0
            +---------+---------+-------+---------+---------+-------
